 Dungeon Crawl Stone Soup version 0.22-a0-480-g991dd4b2b4 (webtiles) character file.

256791 hexalxvi the Impassioned (level 19, -8/161 HPs)
             Began as a Demonspawn Fighter on June 15, 2018.
             Was a Believer of Uskayaw.
             Mangled by the 27-headed Lernaean hydra (9 damage)
             ... on level 4 of the Swamp on June 16, 2018.
             The game lasted 04:56:26 (40770 turns).

hexalxvi the Impassioned (Demonspawn Fighter)      Turns: 40770, Time: 04:56:26

Health: -8/161     AC: 24    Str: 27    XL:     19   Next: 8%
Magic:  0/31       EV: 10    Int: 23    God:    Uskayaw [**....]
Gold:   1478       SH: 21    Dex: 17    Spells: 14/26 levels left

rFire    + + .     SeeInvis .   a - +2 demon trident "Nuluikk" {pain, +Fly}
rCold    + . .     Gourm    .   F - +2 shield
rNeg     + . .     Faith    .   u - +2 ring mail "Qaareczi" {rN+ Regen+ Int+3 Stlth+}
rPois    +         Spirit   +   Y - +2 hat
rElec    .         Reflect  +   s - +2 cloak {rF+}
rCorr    .         Harm     .   p - +1 pair of gloves
MR       ++...                  M - +0 pair of boots
Stlth    +++.......             J - +4 amulet of reflection
HPRegen  0.76/turn              V - ring "Echet" {MR+ Str+3 Dex+4 Stlth+}
MPRegen  0.44/turn              D - ring "Wes Opla" {*Contam rPois rF+ Str+5 Int+5}

@: about to teleport
A: hooves 2, icy blue scales 3, spiny 3, augmentation 1, magic shield, magic
regeneration
}: 2/15 runes: decaying, serpentine
a: Stomp, Line Pass, Renounce Religion, Evoke Flight


You were on level 4 of the Swamp.
You worshipped Uskayaw.
Uskayaw was most pleased with you.
You were not hungry.

You visited 6 branches of the dungeon, and saw 32 of its levels.
You also visited: Sewer, Bailey, Ice Cave and Volcano.

You collected 4742 gold pieces.
You spent 3264 gold pieces at shops.

Inventory:

Hand Weapons
 a - the +2 demon trident "Nuluikk" (weapon) {pain, +Fly}
   (You acquired it on level 11 of the Dungeon)

   In the hands of one skilled in necromantic magic, it inflicts extra damage on
   living creatures.
   It lets you fly.
 b - a +0 hunting sling
Missiles
 n - 705 stones (quivered)
Armour
 c - a +0 shield of reflection
 p - a +1 pair of gloves (worn)
 s - a +2 cloak of fire resistance (worn)
 u - the +2 ring mail "Qaareczi" (worn) {rN+ Regen+ Int+3 Stlth+}
   (You found it in a sewer)

   It affects your intelligence (+3).
   It protects you from negative energy.
   It increases your rate of regeneration.
   It makes you more stealthy.
 B - a +1 large shield of protection
 F - a +2 shield (worn)
 M - a +0 pair of boots (worn)
 Y - a +2 hat (worn)
Jewellery
 D - the ring "Wes Opla" (right hand) {*Contam rPois rF+ Str+5 Int+5}
   (You found it on level 1 of the Snake Pit)

   [ring of intelligence]

   It affects your strength (+5).
   It affects your intelligence (+5).
   It protects you from fire.
   It protects you from poison.
   It causes magical contamination when unequipped.
 E - an uncursed amulet of faith
 J - a +4 amulet of reflection (around neck)
 V - the ring "Echet" (left hand) {MR+ Str+3 Dex+4 Stlth+}
   (You found it in an ice cave)

   [ring of stealth]

   It affects your strength (+3).
   It affects your dexterity (+4).
   It affects your resistance to hostile enchantments.
   It makes you more stealthy.
Wands
 o - a wand of digging (22)
 G - a wand of iceblast (4)
 K - a wand of enslavement (56)
 Q - a wand of acid (21)
 Z - a wand of flame (106)
Scrolls
 e - 17 scrolls of remove curse
 i - a scroll of enchant armour
 l - 13 scrolls of identify
 q - 3 scrolls of enchant weapon
 t - 3 scrolls of holy word
 y - 12 scrolls of teleportation
 A - 3 scrolls of fog
 C - 6 scrolls of blinking
 H - 3 scrolls of fear
 L - a scroll of magic mapping
 O - a scroll of silence
 S - 2 scrolls of amnesia
Potions
 g - 3 potions of might
 h - 4 potions of heal wounds
 j - 3 potions of magic
 k - a potion of invisibility
 m - 5 potions of ambrosia
 r - 4 potions of lignification
 v - 7 potions of agility
 w - 11 potions of flight
 x - 18 potions of curing
 z - 8 potions of brilliance
 I - a potion of cancellation
 N - 3 potions of haste
 P - 4 potions of berserk rage
Miscellaneous
 d - a phantom mirror
Comestibles
 f - 43 rations
 R - 3 chunks of flesh


   Skills:
 + Level 17.0 Fighting
 - Level 14.0 Polearms
 + Level 13.9 Armour
 - Level 15.0 Shields
 - Level 4.0 Spellcasting
 - Level 5.0 Hexes
 - Level 5.0 Charms
 - Level 15.0 Necromancy
 - Level 5.0 Translocations
 + Level 17.0 Invocations


You had 14 spell levels left.
You knew the following spells:

 Your Spells              Type           Power        Failure   Level  Hunger
a - Blink                 Tloc           N/A          2%          2    #......
b - Animate Skeleton      Necr           N/A          1%          1    None
c - Song of Slaying       Chrm           ####....     2%          2    #......
d - Apportation           Tloc           ####..       1%          1    None
e - Regeneration          Chrm/Necr      ######....   1%          3    ##.....
f - Spectral Weapon       Hex/Chrm       ####....     5%          3    ##.....

Your spell library contained the following spells:

 Spells                   Type           Power        Failure   Level  Hunger
 Magic Dart               Conj           #...         14%         1    None
 Conjure Flame            Conj/Fire      #.......     38%         3    ##.....
 Lightning Bolt           Conj/Air       #.........   98%         5    ######.
 Slow                     Hex            ####....     2%          2    #......
 Confuse                  Hex            ####....     5%          3    ##.....
 Throw Frost              Conj/Ice       #.....       21%         2    #......
 Controlled Blink         Tloc           N/A          100%        8    #######
 Freezing Cloud           Conj/Ice/Air   #.........   100%        6    #######
 Mephitic Cloud           Conj/Pois/Air  #.......     38%         3    ##.....
 Olgreb's Toxic Radiance  Pois           #.......     80%         4    ####...
 Teleport Other           Tloc           ####....     5%          3    ##.....
 Summon Small Mammal      Summ           #...         14%         1    None
 Freeze                   Ice            #...         14%         1    None
 Summon Ice Beast         Ice/Summ       #.......     80%         4    ####...
 Ozocubu's Armour         Chrm/Ice       ###.....     14%         3    ##.....
 Call Imp                 Summ           #.......     21%         2    #......
 Tukima's Dance           Hex            ####....     5%          3    ##.....
 Summon Demon             Summ           #.........   98%         5    ######.
 Shock                    Conj/Air       #...         14%         1    None
 Swiftness                Chrm/Air       ###.....     8%          2    #......
 Recall                   Summ/Tloc      N/A          14%         3    ##.....
 Statue Form              Tmut/Erth      #........    100%        6    #######
 Throw Icicle             Conj/Ice       #.......     80%         4    ####...
 Airstrike                Air            #.........   80%         4    ####...
 Shadow Creatures         Summ           N/A          100%        6    #######
 Confusing Touch          Hex            ####..       1%          1    None
 Passwall                 Tmut/Erth      #.......     21%         2    #......
 Ensorcelled Hibernation  Hex/Ice        ###...       8%          2    #......
 Static Discharge         Conj/Air       #.......     38%         3    ##.....
 Corona                   Hex            ####...      1%          1    None
 Sandblast                Erth           #.....       14%         1    None
 Portal Projectile        Hex/Tloc       ####..       5%          3    ##.....
 Summon Hydra             Summ           #.........   100%        7    #######
 Shroud of Golubria       Chrm/Tloc      ####......   2%          2    #......
 Aura of Abjuration       Summ           #.........   98%         5    ######.
 Dazzling Spray           Conj/Hex       ###...       14%         3    ##.....
 Infusion                 Chrm           ####         1%          1    None
 Summon Forest            Summ/Tloc      ###.......   80%         5    ######.
 Summon Mana Viper        Hex/Summ       ###.....     80%         5    ######.


Dungeon Overview and Level Annotations

Branches:
Dungeon (15/15)            Temple (1/1) D:6            Lair (6/6) D:10
  Swamp (4/4) Lair:4        Snake (4/4) Lair:2        Slime (0/5) Lair:6
    Orc (2/2) D:12            Elf (0/3) Orc:2        Vaults (0/5) D:14
 Depths (0/5) D:15

Altars:
Dithmenos
Fedhas
Kikubaaqudgha
Makhleb
Nemelex Xobeh
Okawaru
Qazlal
Ru
Sif Muna
Uskayaw
Vehumet
Yredelemnul
Zin
Beogh

Shops:
D:7 !?}%   D:10 *   D:12 *   Orc:2 *[([*:!**   Snake:4 ?

Portals:
Trove: D:10 (give horn of Geryon)

Annotations:
D:12 Frances
Lair:6 exclusion: 4 oklob plants
Swamp:4 Lernaean hydra
Snake:1 exclusion: oklob plant


Innate Abilities, Weirdness & Mutations

You have hoof-like feet.
You are completely covered in icy blue scales. (AC +4, rC+)
You are completely covered in sharp spines.
Your magical and physical power is slightly enhanced at high health.
When hurt, damage is shared between your health and your magic reserves.
You regenerate magic rapidly.


Message History

The 27-headed Lernaean hydra bites you but does no damage. x2
The 27-headed Lernaean hydra bites you.
* * * LOW HITPOINT WARNING * * *
You block the 27-headed Lernaean hydra's attack.
The 27-headed Lernaean hydra bites you but does no damage. x2
You block the 27-headed Lernaean hydra's attack.
The 27-headed Lernaean hydra bites you!
* * * LOW HITPOINT WARNING * * *
You block the 27-headed Lernaean hydra's attack.
The 27-headed Lernaean hydra bites you.
* * * LOW HITPOINT WARNING * * *
The 27-headed Lernaean hydra bites you!
* * * LOW HITPOINT WARNING * * *
The 27-headed Lernaean hydra completely misses you.
The 27-headed Lernaean hydra bites you but does no damage.
The 27-headed Lernaean hydra bites you.
* * * LOW HITPOINT WARNING * * *
The 27-headed Lernaean hydra bites you but does no damage.
The 27-headed Lernaean hydra bites you!
You die...

.......§.≈♣.≈≈≈≈...♣♣
D≈.≈≈≈≈≈≈.≈≈≈≈≈≈≈...♣♣♣♣
..≈≈≈≈≈≈§≈..≈≈≈≈≈≈≈≈≈.≈♣♣
.≈≈≈≈≈≈≈≈≈≈.≈≈≈≈≈≈≈≈≈≈≈≈* ♣♣♣♣♣
≈≈≈≈≈.≈≈≈≈.≈≈≈≈.≈≈≈≈≈≈≈,* ♣♣≈≈.♣♣
≈≈≈≈..≈≈≈≈.≈§.≈.≈≈.§♣,≈≈* ♣....≈♣
≈≈≈≈≈.≈≈≈≈.≈..≈§≈≈.♣♣♣♣♣♣♣♣♣≈...♣
≈≈≈≈≈≈≈≈≈≈..≈≈≈§§§§§.♣.≈§...≈...♣
.≈≈≈≈≈≈≈≈..≈≈≈≈≈@≈§§≈..≈≈≈≈).♣...
≈..≈≈≈≈≈≈≈...≈≈DDD♣§.§.≈≈≈≈≈..≈..
≈§...≈.≈.≈..≈.≈≈.♣§♣♣♣♣♣≈.≈≈≈....
.≈≈≈≈≈≈≈≈..[≈♣≈§.♣♣♣ ♣♣♣.≈..≈♣♣.
≈≈≈≈≈.≈≈≈≈..≈≈♣♣≈♣♣♣ ♣§.≈≈§.♣♣♣♣
≈≈≈≈≈≈..≈≈.≈...♣♣§≈♣♣♣♣≈....≈♣♣.≈
.≈≈≈≈..≈≈≈≈♣♣..♣♣....♣♣♣♣♣♣♣♣♣≈..
≈≈......≈≈≈♣≈.≈≈..≈≈[≈♣ ♣.≈.≈
≈≈.≈..≈.≈♣♣.≈.≈.≈≈≈≈.♣♣♣♣ ♣..≈≈


You could see the 27-headed Lernaean hydra and 2 swamp dragons.

Vanquished Creatures
  Vashnia (Snake:2)
  Jorgrun (Snake:3)
  Gastronok (D:10)
  Agnes (Snake:3)
  A thorn hunter (Swamp:3)
  Donald (Swamp:3)
  10 nagarajas
  An orc warlord (Orc:2)
  The ghost of hcgyg4s the Carver, an adept VSFi of Okawaru (Swamp:3)
  Aizul (Snake:4)
  A very ugly thing (Swamp:3)
  A war gargoyle (D:14)
  A dire elephant (Lair:6)
  A fire dragon (Volcano)
  Josephine (D:13)
  17 naga warriors
  2 ice dragons (IceCv)
  17 hydras
  3 centaur warriors
  16 anacondas
  15 alligators
  2 catoblepae
  14 two-headed ogres
  Erica (Lair:1)
  2 dancing weapons (D:14)
  2 ogre magi
  3 tengu warriors
  3 death yaks
  12 naga sharpshooters
  Urug (D:10)
  9 shock serpents
  4 orc high priests (Orc:2)
  Sonja (D:10)
  2 salamander mystics
  A sea snake (Snake:4)
  A sea snake (shapeshifter) (D:10)
  2 shambling mangroves
  10 swamp dragons
  A lindwurm (Lair:6)
  A wolf spider (Lair:6)
  5 orc knights
  2 deep elf magi
  A wolf spider zombie (D:12)
  11 naga ritualists
  6 mana vipers
  4 orc sorcerers
  17 ugly things
  4 cyclopes
  12 salamanders
  A manticore (D:15)
  30 naga magi
  2 ice statues (IceCv)
  2 elephants (Lair:6)
  3 centaur zombies
  40 black mambas
  A guardian serpent (Snake:4)
  A spiny frog (shapeshifter) (D:15)
  8 gargoyles (D:14)
  A torpor snail (Lair:2)
  24 spiny frogs
  4 kobold demonologists
  6 rime drakes
  2 ice devils (D:11)
  3 demonic crawlers (D:13)
  9 trolls
  2 komodo dragons (Lair:1)
  3 meliai
  A tengu conjurer (D:14)
  A wind drake (shapeshifter) (D:15)
  10 polar bears
  11 hornets
  7 tyrant leeches
  38 slime creatures
  8 hippogriffs
  8 blink frogs
  A slime creature (shapeshifter) (D:15)
  12 dream sheep
  3 raiju (Lair:6)
  8 bog bodies
  A centaur simulacrum (D:15)
  3 redbacks (Snake:3)
  5 spriggans
  3 shadows
  8 wraiths
  A vampire (D:10)
  28 yaks
  A hog (Swamp:2)
  5 fire bats (Volcano)
  6 wyverns
  6 steam dragons
  5 basilisks
  3 hungry ghosts
  5 wargs
  Menkaure (D:7)
  13 insubstantial wisps
  28 vampire mosquitoes
  A soldier ant (D:14)
  An acid dragon (D:11)
  47 nagas
  A naga (shapeshifter) (D:15)
  23 swamp worms
  Duvessa (D:7)
  14 hell hounds (Lair:6)
  15 water moccasins
  43 orc warriors
  4 porcupines
  5 sky beasts
  10 swamp drakes
  18 ice beasts
  12 black bears
  3 necrophages (D:9)
  5 phantoms
  28 ogres
  25 wolves
  23 centaurs
  An eye of draining (D:14)
  5 boggarts (D:15)
  14 crocodiles
  5 big kobolds
  12 bullfrogs
  Dowan (D:7)
  A wyvern skeleton (D:14)
  5 scorpions
  30 killer bees
  A troll skeleton (D:9)
  5 wights (D:10)
  6 howler monkeys
  An electric eel (Lair:4)
  3 crimson imps
  A quasit (D:10)
  2 human zombies (D:9)
  4 bullfrog zombies
  5 jellies
  29 orc priests
  9 hounds
  5 bullfrog skeletons
  7 centaur skeletons
  Jessica (D:3)
  3 human skeletons (D:9)
  35 orc wizards
  8 worker ants
  3 iguanas
  A hell rat (Lair:6)
  2 hound zombies
  2 mummies (D:9)
  A howler monkey skeleton (D:6)
  19 adders
  6 river rats
  3 shadow imps
  An ooze (Sewer)
  An adder zombie (D:5)
  An adder skeleton (D:5)
  A worm (D:5)
  2 dart slugs (D:2)
  6 leopard geckos
  124 orcs
  5 bats
  4 giant cockroaches
  4 goblins
  15 hobgoblins
  7 jackals
  7 quokkas
  13 ball pythons
  9 frilled lizards
  A jackal skeleton (D:7)
  31 kobolds
  A leopard gecko skeleton (D:7)
  2 leopard gecko zombies (D:5)
  A quokka zombie (D:5)
  28 rats
  A fungus (Lair:5)
  3 plants
1383 creatures vanquished.

Vanquished Creatures (collateral kills)
  Kirke (Swamp:2)
  2 hydras (Swamp:4)
  4 naga warriors
  An alligator (Swamp:4)
  3 anacondas
  3 naga sharpshooters
  A swamp dragon (Swamp:4)
  A shambling mangrove (Swamp:4)
  A mana viper (Snake:4)
  A salamander (Snake:3)
  2 black mambas
  A guardian serpent (Snake:4)
  2 naga magi
  A spiny frog (Swamp:1)
  4 hornets
  3 slime creatures
  3 bog bodies
  3 redbacks (Snake:3)
  4 vampire mosquitoes
  A swamp worm (Swamp:2)
  4 nagas
  3 swamp drakes
  2 ball pythons (Snake:4)
51 creatures vanquished.

Vanquished Creatures (others)
  Nessos (D:13)
  2 centaur warriors
  An orc warrior (Bailey)
  8 centaurs
  2 jellies (D:11)
  A worker ant zombie (D:11)
  A kobold (D:13)
  2 fungi (Lair:2)
  22 plants
  A spectral weapon (Swamp:4)
41 creatures vanquished.

Grand Total: 1475 creatures vanquished

Notes
Turn   | Place    | Note
-------+----------+-------------------------------------------
     0 | D:1      | hexalxvi the Demonspawn Fighter began the quest for the Orb.
     0 | D:1      | Reached XP level 1. HP: 18/18 MP: 1/1
   437 | D:1      | Gained mutation: You are partially covered in sharp spines. [demonic ancestry]
   437 | D:1      | Reached XP level 2. HP: 24/24 MP: 2/2
  1570 | D:2      | Gained mutation: You are partially covered in icy blue scales. (AC +2) [demonic ancestry]
  1570 | D:2      | Reached XP level 3. HP: 29/29 MP: 3/3
  2039 | D:2      | Gained mutation: You are mostly covered in sharp spines. [demonic ancestry]
  2039 | D:2      | Reached XP level 4. HP: 32/35 MP: 4/4
  2332 | D:3      | Noticed Jessica
  2342 | D:3      | Killed Jessica
  2428 | D:3      | Found a glowing drain.
  2430 | D:3      | Gained mutation: You are mostly covered in icy blue scales. (AC +3) [demonic ancestry]
  2430 | D:3      | Reached XP level 5. HP: 42/42 MP: 5/5
  2436 | Sewer    | Entered a sewer
  3045 | Sewer    | Reached XP level 6. HP: 42/48 MP: 6/6
  3058 | Sewer    | Got a smoking ring mail
  4041 | D:4      | Identified the +2 ring mail "Qaareczi" {rN+ Regen+ Int+3 Stlth+} (You found it in a sewer)
  4137 | D:4      | Reached XP level 7. HP: 55/55 MP: 7/7
  4158 | D:4      | Found a sacrificial altar of Ru.
  5245 | D:5      | Entered Level 5 of the Dungeon
  5288 | D:5      | Reached skill level 5 in Polearms
  5406 | D:5      | Reached skill level 5 in Fighting
  5550 | D:5      | Gained mutation: You have large cloven feet. [demonic ancestry]
  5550 | D:5      | Reached XP level 8. HP: 62/62 MP: 8/8
  5903 | D:5      | You fall through a shaft!
  6334 | D:6      | Reached skill level 5 in Shields
  6338 | D:6      | Reached skill level 5 in Armour
  7100 | D:6      | Found a staircase to the Ecumenical Temple.
  7108 | Temple   | Entered the Ecumenical Temple
  7159 | Temple   | Became a worshipper of Uskayaw the Reveler
  7226 | D:6      | Reached * piety under Uskayaw
  7227 | D:6      | Reached ** piety under Uskayaw
  7309 | D:7      | Identified the Incunabulum of the Frostbite and the Entourage
  7322 | D:7      | Noticed Duvessa
  7322 | D:7      | Noticed Dowan
  7346 | D:7      | Killed Duvessa
  7352 | D:7      | Killed Dowan
  7352 | D:7      | Reached XP level 9. HP: 54/69 MP: 4/9
  7460 | D:7      | Found Feinib's Distillery.
  7472 | D:7      | Bought a potion of haste for 120 gold pieces
  7472 | D:7      | Bought a potion of mutation for 96 gold pieces
  7606 | D:7      | Noticed Menkaure
  7606 | D:7      | Reached *** piety under Uskayaw
  7641 | D:7      | Found a shadowy altar of Dithmenos.
  7721 | D:7      | Found Sonwegu's Gadget Shoppe.
  7785 | D:7      | Reached **** piety under Uskayaw
  7788 | D:7      | Reached ***** piety under Uskayaw
  7875 | D:7      | Found Yczunas's Food Emporium.
  8509 | D:8      | Reached skill level 1 in Invocations
  8762 | D:9      | Found a flagged portal.
  8767 | D:9      | Noticed a troll
  8769 | Bailey   | Entered a bailey
  9176 | Bailey   | Reached XP level 10. HP: 64/79 MP: 7/11
  9905 | D:9      | Got a vibrating jade ring
  9912 | D:9      | Identified the ring of the Twelve Planets {SInv Stlth+} (You found it on level 9 of the Dungeon)
 10130 | D:9      | Reached ****** piety under Uskayaw
 10335 | D:9      | Found an ancient bone altar of Kikubaaqudgha.
 10632 | D:9      | Reached skill level 5 in Invocations
 10910 | D:10     | Entered Level 10 of the Dungeon
 10999 | D:10     | Gained mutation: When hurt, damage is shared between your health and your magic reserves. [demonic ancestry]
 10999 | D:10     | Reached XP level 11. HP: 86/86 MP: 14/14
 11002 | D:10     | Found Lobbymos's General Store.
 11077 | D:10     | Noticed Gastronok
 11235 | D:10     | Noticed Sonja
 11237 | D:10     | Reached skill level 10 in Polearms
 11250 | D:10     | Killed Sonja
 11355 | D:10     | Noticed Urug
 11418 | D:10     | Killed Gastronok
 11503 | D:10     | Found a staircase to the Lair.
 11607 | D:10     | Found a portal to a secret trove of treasure.
 11774 | D:10     | Killed Urug
 12003 | D:11     | Noticed an ogre mage
 12048 | D:11     | Identified a scroll of acquirement
 12049 | D:11     | Got a crude demon trident
 12050 | D:11     | Identified the +2 demon trident "Nuluikk" {pain, +Fly} (You acquired it on level 11 of the Dungeon)
 12119 | D:11     | Noticed a two-headed ogre
 12135 | D:11     | Killed a two-headed ogre
 12261 | D:11     | Found a frozen archway.
 12280 | D:11     | Reached skill level 10 in Fighting
 12296 | IceCv    | Entered an ice cave
 12641 | IceCv    | Reached XP level 12. HP: 72/98 MP: 8/17
 12833 | IceCv    | Noticed an ice dragon
 12834 | IceCv    | Noticed an ice dragon
 13015 | IceCv    | Got a translucent bronze ring
 13019 | IceCv    | Got a crude steel ring
 13023 | IceCv    | Got a heavily runed amber ring
 13121 | IceCv    | Killed an ice dragon
 13201 | IceCv    | Killed an ice dragon
 13359 | D:11     | Noticed a two-headed ogre
 13383 | D:11     | Noticed a two-headed ogre
 13479 | Lair:1   | Entered Level 1 of the Lair of Beasts
 13479 | Lair:1   | Noticed Erica
 13487 | Lair:1   | Killed Erica
 13487 | Lair:1   | Reached skill level 10 in Shields
 13816 | Lair:1   | Identified the cursed ring of Birdsong {rF+ rN+ Int-3} (You found it in an ice cave)
 13818 | Lair:1   | Identified the ring "Keivuxol" {rCorr rElec} (You found it in an ice cave)
 13822 | Lair:1   | Identified the ring "Echet" {MR+ Str+3 Dex+4 Stlth+} (You found it in an ice cave)
 14446 | Lair:2   | Found a staircase to the Snake Pit.
 14595 | Lair:2   | Learned a level 2 spell: Blink
 14792 | Lair:2   | Got a slimy ivory ring
 14795 | Lair:2   | Identified the ring "Kualen" {Str+3 Slay+3 Stlth-} (You found it on level 2 of the Lair of Beasts)
 15372 | Lair:3   | Found a dark tunnel.
 15381 | Volcano  | Entered a volcano
 15459 | Volcano  | Reached skill level 1 in Translocations
 15523 | Volcano  | Noticed a two-headed ogre
 15524 | Volcano  | Noticed a two-headed ogre
 15543 | Volcano  | Killed a two-headed ogre
 15543 | Volcano  | Gained mutation: You have hoof-like feet. [demonic ancestry]
 15543 | Volcano  | Reached XP level 13. HP: 93/107 MP: 17/20
 15877 | Volcano  | Noticed a fire dragon
 15892 | Volcano  | Killed a fire dragon
 16588 | Lair:3   | Reached skill level 10 in Invocations
 17480 | Lair:4   | Found a staircase to the Swamp.
 18749 | Lair:6   | Entered Level 6 of the Lair of Beasts
 19448 | Lair:6   | Gained mutation: You are completely covered in sharp spines. [demonic ancestry]
 19448 | Lair:6   | Reached XP level 14. HP: 73/116 MP: 13/22
 19758 | Lair:6   | Reached skill level 10 in Armour
 21192 | Lair:6   | Found a staircase to the Slime Pits.
 21423 | D:7      | Killed Menkaure
 21464 | D:7      | Found Haische Ekuo's Magic Scroll Emporium.
 21473 | D:7      | Bought a scroll of blinking for 90 gold pieces
 21473 | D:7      | Bought a scroll of teleportation for 36 gold pieces
 21473 | D:7      | Bought a scroll of fear for 42 gold pieces
 21473 | D:7      | Bought a scroll of identify for 24 gold pieces
 21473 | D:7      | Bought a scroll of identify for 24 gold pieces
 21976 | D:11     | Reached skill level 5 in Translocations
 22413 | D:11     | Found an iron altar of Okawaru.
 22815 | D:11     | Identified the Grimoire of the Nocuous Compass
 23269 | D:12     | Noticed Frances
 23461 | D:12     | Found a staircase to the Orcish Mines.
 23523 | D:12     | Found a roughly hewn altar of Beogh.
 23790 | D:12     | Found Etyteoff's General Store.
 23852 | D:12     | Reached skill level 1 in Spellcasting
 24251 | D:13     | Gained mutation: You regenerate magic rapidly. [demonic ancestry]
 24251 | D:13     | Reached XP level 15. HP: 86/126 MP: 16/24
 24829 | D:13     | Noticed Nessos
 24846 | D:13     | Killed Nessos
 25186 | D:13     | Noticed Josephine
 25212 | D:13     | Killed Josephine
 26138 | Orc:1    | Entered Level 1 of the Orcish Mines
 26588 | Orc:2    | Entered Level 2 of the Orcish Mines
 26665 | Orc:2    | Found Ugur's Distillery.
 26671 | Orc:2    | Found Soiwuoh's Assorted Antiques.
 26676 | Orc:2    | Bought a potion of invisibility for 112 gold pieces
 26678 | Orc:2    | Found Lunnoto's General Store.
 27240 | Orc:2    | Noticed an orc warlord
 27301 | Orc:2    | Killed an orc warlord
 27593 | Orc:2    | Found a staircase to the Elven Halls.
 27597 | Orc:2    | Found Zinkaf's Armour Boutique.
 27620 | Orc:2    | Found Ceneu's Assorted Antiques.
 27978 | Orc:2    | Found Cioruyqa's Antique Armour Shop.
 27979 | Orc:2    | Found Huiq's Antique Weapon Boutique.
 27981 | Orc:2    | Found Zaovey's General Store.
 27981 | Orc:2    | Found Ygesch's Book Shop.
 27987 | Orc:2    | Bought a book of Battle for 480 gold pieces
 27987 | Orc:2    | Bought a book of Cantrips for 240 gold pieces
 27989 | Orc:2    | Learned a level 1 spell: Animate Skeleton
 27992 | Orc:2    | Learned a level 2 spell: Song of Slaying
 28277 | Orc:1    | Reached skill level 1 in Necromancy
 28289 | Orc:1    | Reached skill level 1 in Charms
 28507 | Orc:2    | Identified the Catalogue of Earth and Ice
 28777 | D:12     | Learned a level 1 spell: Apportation
 29238 | D:14     | Found a gate to the Vaults.
 29518 | D:14     | Reached skill level 15 in Fighting
 29601 | D:14     | Got a bloodstained dagger
 29615 | D:14     | Identified the +6 dagger of Ruheit {venom, -Tele rPois Dex+9} (You found it on level 14 of the Dungeon)
 29880 | D:15     | Entered Level 15 of the Dungeon
 29923 | D:15     | Gained mutation: Your magical and physical power is slightly enhanced at high health. [demonic ancestry]
 29923 | D:15     | Reached XP level 16. HP: 130/136 MP: 26/26
 30372 | D:15     | Learned a level 3 spell: Regeneration
 31027 | D:15     | Found a staircase to the Depths.
 31491 | Orc:2    | Bought a manual of Necromancy for 1324 gold pieces
 31595 | Orc:2    | Bought a potion of might for 56 gold pieces
 31601 | Orc:2    | Bought a scroll of brand weapon for 620 gold pieces
 31885 | Snake:1  | Entered Level 1 of the Snake Pit
 32529 | Snake:1  | Reached skill level 5 in Necromancy
 32573 | Snake:1  | Got a sparkling platinum ring
 32574 | Snake:1  | Identified the ring "Wes Opla" {*Contam rPois rF+ Str+5 Int+5} (You found it on level 1 of the Snake Pit)
 32725 | Snake:1  | Found a hide-covered altar of Uskayaw.
 33609 | Snake:2  | Noticed Vashnia
 33627 | Snake:2  | Killed Vashnia
 34327 | Snake:2  | Got a scorched ring mail
 34385 | Snake:2  | Identified the cursed +0 ring mail of Terror {rPois Int+2} (You found it on level 2 of the Snake Pit)
 34438 | Snake:2  | Gained mutation: You are completely covered in icy blue scales. (AC +4, rC+) [demonic ancestry]
 34438 | Snake:2  | Reached XP level 17. HP: 143/143 MP: 25/28
 34570 | Snake:3  | Learned a level 3 spell: Spectral Weapon
 34598 | Snake:3  | Reached skill level 10 in Necromancy
 34709 | Snake:3  | Noticed Agnes
 34718 | Snake:3  | Killed Agnes
 34718 | Snake:3  | Reached skill level 1 in Hexes
 34784 | Snake:3  | Reached skill level 15 in Invocations
 34891 | Snake:3  | Found a deep blue altar of Sif Muna.
 35436 | Snake:3  | Noticed Jorgrun
 35465 | Snake:3  | Killed Jorgrun
 35739 | Snake:4  | Entered Level 4 of the Snake Pit
 35739 | Snake:4  | Found Fabbotin's Magic Scroll Shoppe.
 35969 | Snake:4  | Found a runed gate.
 35969 | Snake:4  | Found a runed gate.
 35969 | Snake:4  | Found a runed gate.
 36413 | Snake:4  | Noticed Aizul
 36421 | Snake:4  | Killed Aizul
 36679 | Snake:4  | Reached XP level 18. HP: 119/151 MP: 18/29
 36915 | Snake:4  | Got a serpentine rune of Zot
 37755 | Swamp:1  | Entered Level 1 of the Swamp
 37877 | Swamp:1  | Reached skill level 15 in Shields
 38522 | Swamp:2  | Reached skill level 15 in Necromancy
 38805 | Swamp:2  | Noticed Kirke
 38815 | Swamp:2  | Killed Kirke
 39381 | Swamp:3  | Noticed Donald
 39393 | Swamp:3  | Killed Donald
 39558 | Swamp:3  | Noticed hcgyg4s's ghost (adept VSFi)
 39586 | Swamp:3  | Killed hcgyg4s's ghost
 39699 | Swamp:3  | Reached skill level 5 in Hexes
 39714 | Swamp:3  | Got a smoking chain mail
 39715 | Swamp:3  | Identified the +4 chain mail of Watchfulness {*Slow rF++ Int+3 SInv} (You found it on level 3 of the Swamp)
 40063 | Swamp:4  | Entered Level 4 of the Swamp
 40123 | Swamp:4  | Reached skill level 5 in Charms
 40327 | Swamp:4  | Reached XP level 19. HP: 156/159 MP: 29/31
 40339 | Swamp:4  | Noticed the 27-headed Lernaean hydra
 40700 | Swamp:4  | Got a decaying rune of Zot
 40770 | Swamp:4  | HP: 6/161 [the 27-headed Lernaean hydra (13)]
 40770 | Swamp:4  | HP: 1/161 [the 27-headed Lernaean hydra (5)]
 40770 | Swamp:4  | Mangled by the 27-headed Lernaean hydra

Vault maps used:
D:1:      sevenhm_arrival_forest_fort_large_4
D:2:      first_ration
D:3:      portal_sewer_entry_e, kennysheep_generic_room_3, uniq_jessica
D:4:      lemuel_crystal_altar
D:5:      serial_undead, serial_undead_e, serial_undead_b, serial_undead_b,
          serial_undead_e
D:6:      minmay_temple_entry_statues_pillars
D:7:      lemuel_crystal_altar, serial_shops, nicolae_shop_statue_plus,
          kennysheep_mini_moat, nicolae_shop_stone, shop, grunt_ogre_cave,
          uniq_duvessa, uniq_menkaure
D:9:      enter_bailey_2, lemuel_mausoleum_altar_kikubaaqudgha
D:10:     lair_entry_dummy, serial_shops, shop, nicolae_trove_entry_crossroad,
          uniq_gastronok, uniq_urug, uniq_sonja
D:11:     minmay_cut_squares, portal_ice_cave_demonic_guard, basic_altar
D:12:     minmay_orc_entry_temple_small, serial_shops, shop, uniq_frances
D:13:     cheibrodos_orc_bank, einodemon_crawler_minivault, uniq_josephine,
          uniq_nessos
D:14:     gargoyle_guard, erik_vaults_1, dk_noncrumbling_2
D:15:     gammafunk_enter_depths_forms, serial_bayou_pond_e
Temple:   regret_index_temple_chain_breaker
Lair:1:   serial_bayou_shore_a, uniq_erica
Lair:2:   guppyfry_snake_entry_garden, infiniplex_staircase_pool,
          grunt_megastairs_3
Lair:3:   nicolae_volcano_entry_hallway, hibernation_bobbens, grunt_megastairs_2
Lair:4:   swamp_mist_pool
Lair:6:   hangedman_lair_caniforms_friends, hangedman_lair_in_review,
          minmay_slime_entry_oklob_enclosed
Swamp:1:  evilmike_swamp_ruin_rubble_2
Swamp:2:  evilmike_swamp_ruin_rubble_1, swamp_pool4,
          nicolae_swamp_trees_clearing, uniq_kirke
Swamp:3:  evilmike_swamp_ruin_house_1, swamp_pool3,
          nicolae_swamp_round_clearing, uniq_donald
Swamp:4:  swamp_old_school, infiniplex_staircase_pool_2
Snake:1:  lemuel_oklob_altar
Snake:2:  uniq_vashnia
Snake:3:  hangedman_cross_stitches, basic_altar, spider_trap, uniq_agnes,
          uniq_asterion, uniq_jorgrun
Snake:4:  snake_pit, serial_shops, shop, nicolae_snake_horde_hoard, uniq_aizul
Orc:1:    lemuel_ogre_cave, nicolae_orc_rockfall
Orc:2:    st_orc_congregation, serial_shops, shop, shop, shop, shop, shop,
          minmay_orc_keep
Sewer:    sewer_minmay_treatment
Bailey:   bailey_polearm_flooded_kennysheep, bailey
IceCv:    ice_cave_small_dragons
Volcano:  pf_volcano_lost_world

Skill      XL: |  1  2  3  4  5  6  7  8  9 10 11 12 13 14 15 16 17 18 19 |
---------------+----------------------------------------------------------+-----
Polearms       | 2 3 4 5 7 8 9 11 12 13 14 | 14.0
Armour         | 3 4 5 6 7 8 9 10 11 12 13 | 13.9
Shields        | 3 4 5 6 7 9 10 12 13 14 15 | 15.0
Fighting       | 4 5 6 7 8 10 11 12 14 15 16 17 | 17.0
Invocations    | 2 5 7 9 10 12 13 14 15 16 17 | 17.0
Translocations | 1 3 5 |  5.0
Spellcasting   | 1 4 |  4.0
Necromancy     | 3 9 13 15 | 15.0
Charms         | 2 4 5 |  5.0
Hexes          | 4 5 |  5.0

Action                   |  1- 3 |  4- 6 |  7- 9 | 10-12 | 13-15 | 16-18 | 19-21 || total
-------------------------+-------+-------+-------+-------+-------+-------+-------++-------
Melee: Trident           |   132 |   188 |   445 |   646 |       |       |       ||  1411
       Kick              |       |       |    71 |   305 |   679 |   491 |     3 ||  1549
       Demon trident     |       |       |       |   345 |  1828 |  1332 |    36 ||  3541
 Fire: Hunting sling     |     7 |    26 |    61 |    81 |    40 |     1 |       ||   216
Throw: Stone             |       |       |     1 |     1 |       |       |       ||     2
 Cast: Blink             |       |       |       |       |     1 |       |       ||     1
       Animate Skeleton  |       |       |       |       |       |   122 |     8 ||   130
       Regeneration      |       |       |       |       |       |    11 |     1 ||    12
       Spectral Weapon   |       |       |       |       |       |     2 |     1 ||     3
Invok: Line Pass         |       |       |     2 |     5 |    13 |     6 |       ||    26
       Stomp             |       |       |       |     1 |     5 |     1 |       ||     7
       Grand Finale      |       |       |       |       |       |     1 |       ||     1
 Abil: Evoke Flight      |       |       |       |     2 |     3 |       |       ||     5
Evoke: Wand              |       |       |       |     3 |     3 |     1 |       ||     7
  Use: Scroll            |       |     7 |     5 |    12 |    16 |     8 |     3 ||    51
       Potion            |       |       |     2 |     8 |     4 |       |     1 ||    15
 Stab: Sleeping          |       |       |     1 |     7 |     8 |     9 |       ||    25
       Paralysed         |       |       |     4 |    45 |   121 |   136 |     5 ||   311
       Confused          |       |       |       |     3 |     5 |     8 |       ||    16
       Distracted        |       |       |       |     3 |     5 |    13 |     1 ||    22
  Eat: Chunk             |     4 |     6 |    10 |    13 |    42 |    12 |       ||    87
       Ration            |       |       |     2 |     4 |     3 |     7 |     1 ||    17
Armor: Scale mail        |    48 |    59 |       |       |     6 |       |       ||   113
       Ring mail         |       |     3 |    99 |   201 |   266 |   221 |    69 ||   859
Dodge: Dodged            |    31 |    44 |    84 |   139 |   187 |   137 |    21 ||   643
Block: Shield            |    51 |   100 |   223 |   488 |   799 |   645 |    44 ||  2350
       Reflection        |       |       |    13 |    17 |    51 |   111 |     1 ||   193

Table legend:
 A = Spawn XP
 B = Non-spawn XP
 C = Spawn XP percentage of total XP
 D = Spawn monster count
 E = Non-spawn monster count
 F = Spawn count percentage of total count
 G = Total turns spent on level
                    A         B        C        D         E        F      G
               +---------+---------+-------+---------+---------+-------+---------
         Total |       0 |  384479 |   0.0 |       0 |    1442 |   0.0 | 40770
               +---------+---------+-------+---------+---------+-------+---------
           D:1 |       0 |      27 |   0.0 |       0 |      17 |   0.0 |  1333
           D:2 |       0 |      81 |   0.0 |       0 |      28 |   0.0 |   997
           D:3 |       0 |     160 |   0.0 |       0 |      27 |   0.0 |   768
           D:4 |       0 |     386 |   0.0 |       0 |       8 |   0.0 |  1293
           D:5 |       0 |     685 |   0.0 |       0 |      28 |   0.0 |  1234
           D:6 |       0 |    1019 |   0.0 |       0 |      23 |   0.0 |   843
           D:7 |       0 |    1555 |   0.0 |       0 |      24 |   0.0 |   980
           D:8 |       0 |    1087 |   0.0 |       0 |      15 |   0.0 |   777
           D:9 |       0 |    3815 |   0.0 |       0 |      54 |   0.0 |  1242
          D:10 |       0 |    7576 |   0.0 |       0 |      39 |   0.0 |  1441
          D:11 |       0 |   10743 |   0.0 |       0 |      44 |   0.0 |  1489
          D:12 |       0 |    4956 |   0.0 |       0 |      36 |   0.0 |  1324
          D:13 |       0 |   15655 |   0.0 |       0 |      76 |   0.0 |  1915
          D:14 |       0 |   14747 |   0.0 |       0 |      40 |   0.0 |  1271
          D:15 |       0 |   23749 |   0.0 |       0 |      75 |   0.0 |  1047
        Lair:1 |       0 |    3432 |   0.0 |       0 |      10 |   0.0 |   940
        Lair:2 |       0 |    5631 |   0.0 |       0 |      29 |   0.0 |  1141
        Lair:3 |       0 |    6001 |   0.0 |       0 |      18 |   0.0 |  1127
        Lair:4 |       0 |    6942 |   0.0 |       0 |      28 |   0.0 |   860
        Lair:5 |       0 |    8413 |   0.0 |       0 |      23 |   0.0 |  1075
        Lair:6 |       0 |   21719 |   0.0 |       0 |      83 |   0.0 |  2333
       Swamp:1 |       0 |   15959 |   0.0 |       0 |      54 |   0.0 |   691
       Swamp:2 |       0 |   13718 |   0.0 |       0 |      39 |   0.0 |   868
       Swamp:3 |       0 |   16667 |   0.0 |       0 |      39 |   0.0 |   781
       Swamp:4 |       0 |   22873 |   0.0 |       0 |      50 |   0.0 |   675
       Snake:1 |       0 |    8504 |   0.0 |       0 |      15 |   0.0 |  1246
       Snake:2 |       0 |   31957 |   0.0 |       0 |      53 |   0.0 |  1390
       Snake:3 |       0 |   32201 |   0.0 |       0 |      56 |   0.0 |  1614
       Snake:4 |       0 |   65641 |   0.0 |       0 |     126 |   0.0 |  1543
         Orc:1 |       0 |    9083 |   0.0 |       0 |      46 |   0.0 |   954
         Orc:2 |       0 |   13886 |   0.0 |       0 |     105 |   0.0 |  1933
         Sewer |       0 |     322 |   0.0 |       0 |      48 |   0.0 |   929
        Bailey |       0 |    2306 |   0.0 |       0 |      39 |   0.0 |  1004
         IceCv |       0 |    5429 |   0.0 |       0 |      20 |   0.0 |   982
       Volcano |       0 |    7554 |   0.0 |       0 |      27 |   0.0 |   662
               +---------+---------+-------+---------+---------+-------+---------
